 Dungeon Crawl Stone Soup version 0.20-a0-1089-g3fde505 (webtiles) character file.

572 Alarkh the Chopper (level 7, 25/52 HPs)
             Began as a Demonspawn Berserker on May 3, 2017.
             Was a Believer of Trog.
             Got out of the dungeon alive.
             The game lasted 00:05:22 (4590 turns).

Alarkh the Chopper (Demonspawn Berserker)           Turns: 4590, Time: 00:05:22

Health: 25/52      AC:  3    Str: 15    XL:     7   Next: 12%
Magic:  7/7        EV: 12    Int: 11    God:    Trog [**....]
Gold:   318        SH:  0    Dex: 12    Spells: 6/6 levels left

rFire    . . .     SeeInvis .   a - +0 hand axe
rCold    + . .     Gourm    .   (no shield)
rNeg     . . .     Faith    .   o - +1 robe {rC+}
rPois    .         Spirit   .   (helmet restricted)
rElec    .         Reflect  .   (no cloak)
rCorr    .         Harm     .   (no gloves)
MR       .....                  (no boots)
Stlth    +.........             s - amulet of magic regeneration
Regen    0.2/turn               t - -2 ring of strength (curse)
MPRegen  0.2/turn               (no ring)

@: no status effects
A: antennae 2, powered by death 2
a: Berserk, Trog's Hand, Burn Spellbooks, Renounce Religion


You escaped.
You worshipped Trog.
Trog was pleased with you.
You were not hungry.

You visited 2 branches of the dungeon, and saw 5 of its levels.

You collected 318 gold pieces.

Inventory:

Hand Weapons
 a - a +0 hand axe (weapon)
Armour
 b - a +0 animal skin
 i - a +0 robe
 o - a +1 robe of cold resistance (worn)
Jewellery
 s - an amulet of magic regeneration (around neck)
 t - a cursed -2 ring of strength (left hand)
Scrolls
 d - a scroll of remove curse
 g - 2 scrolls of teleportation
 k - a scroll of enchant armour {unknown}
 n - a scroll of noise
 q - 2 scrolls of identify {unknown}
Potions
 e - a potion of lignification {unknown}
 f - a potion of ambrosia {unknown}
 h - 4 potions of haste {unknown}
 l - a potion of flight {unknown}
 m - a potion of cancellation {unknown}
 p - a potion of heal wounds {unknown}
Books
 r - a book of Conjurations

   Spells                             Type                      Level
   a - Magic Dart                     Conjuration                  1
   b - Searing Ray                    Conjuration                  2
   c - Dazzling Spray                 Conjuration/Hexes            3
   d - Fulminant Prism                Conjuration/Hexes            4
   e - Force Lance                    Conjuration/Translocation    4
   f - Iskenderun's Mystic Blast      Conjuration                  4
   Trog disapproves of the use of such an item.
Comestibles
 c - 5 bread rations
 j - a meat ration


   Skills:
 - Level 3.0 Fighting
 + Level 7.5 Axes
 - Level 1.7 Armour
 - Level 1.7 Dodging


You had 6 spell levels left.
You didn't know any spells.

Dungeon Overview and Level Annotations

Branches:
Dungeon (4/15)             Temple (1/1) D:4

Altars:
Ashenzari
Cheibriados
Dithmenos
Elyvilon
Gozag
Kikubaaqudgha
Makhleb
Nemelex Xobeh
Okawaru
Qazlal
Ru
Sif Muna
Trog
Uskayaw
Wu Jian
Xom
Zin
The Shining One


Innate Abilities, Weirdness & Mutations

You have a pair of antennae on your head.
You regenerate health from kills.


Message History

There is a stone staircase leading up here.
You recover from your berserk rage.
You climb upwards.
There is a stone staircase leading down here.
A goblin comes into view.
You can't go up here!
There is a stone staircase leading up here.
You climb upwards.
There is a stone staircase leading down here.
You see here a chain mail.
There is a stone staircase leading up here.
You climb upwards.
There is a stone staircase leading down here.
You see here a club.
There is an open door here.
There is an open door here.
There is an open door here.
There is a staircase leading out of the dungeon here.
Are you sure you want to leave the Dungeon?
This will make you lose the game!
You have escaped!

##.......#....)........##..#....#
####..####.###########.#.#.......
...#..####..#.......#..###.#(###.
##...)...#.#.#######.#.# #.#.# ##
##....####.##......(##.# #.#.###
##....# #.#.###+###.#.# #.....#
##.#..## #.#.#.....#.#.# #...).##
##.....###.#.#.....#.#.###......#
...###.'.'.#.+..@..'.#.'.'......#
#### #####.#.#.....#.#.###......#
#.#.#.....#.#.# #.####.#
#.#.###+###.#.# #.# #.#
#.##.......##.# #.####.#
#.#.#######.#.# #.......
#..#.......#..# ######.#
#.###########.########.#
#.............##.....).#


There were no monsters in sight!

Vanquished Creatures
  Menkaure (D:4)
  An ogre (D:4)
  2 howler monkeys (D:4)
  2 hounds
  2 worker ants (D:4)
  7 adders
  4 gnolls (D:2)
  2 adder skeletons (D:4)
  2 worms (D:3)
  3 leopard geckos
  An orc (D:4)
  2 giant cockroaches
  11 goblins
  8 hobgoblins
  4 jackals
  6 quokkas
  A ball python (D:3)
  8 bats
  6 frilled lizards
  3 kobolds
  A quokka skeleton (D:4)
  2 rats
  3 fungi (D:2)
82 creatures vanquished.

Notes
Turn   | Place    | Note
-------+----------+-------------------------------------------
     0 | D:1      | Alarkh the Demonspawn Berserker began the quest for the Orb.
     0 | D:1      | Reached XP level 1. HP: 18/18 MP: 1/1
   494 | D:1      | Reached skill level 3 in Axes
   787 | D:1      | Gained mutation: You regenerate a little health from kills. [demonic ancestry]
   787 | D:1      | Reached XP level 2. HP: 24/24 MP: 2/2
  1368 | D:2      | Gained mutation: You have a pair of small antennae on your head. [demonic ancestry]
  1368 | D:2      | Reached XP level 3. HP: 29/29 MP: 3/3
  1631 | D:2      | Reached skill level 4 in Axes
  1659 | D:2      | Found a shimmering altar of Xom.
  1874 | D:2      | Reached ** piety under Trog
  1912 | D:2      | Found a snail-covered altar of Cheibriados.
  1936 | D:2      | Found a shattered altar of Ashenzari.
  1942 | D:2      | Gained mutation: You have a pair of antennae on your head. [demonic ancestry]
  1942 | D:2      | Reached XP level 4. HP: 35/35 MP: 4/4
  2023 | D:2      | Reached skill level 5 in Axes
  2190 | D:2      | Reached XP level 5. HP: 31/41 MP: 5/5
  3060 | D:3      | Found a burning altar of Makhleb.
  3590 | D:4      | Noticed Menkaure
  3600 | D:4      | Killed Menkaure
  3600 | D:4      | Reached skill level 6 in Axes
  3600 | D:4      | Reached XP level 6. HP: 47/47 MP: 6/6
  3618 | D:4      | Found a staircase to the Ecumenical Temple.
  3627 | Temple   | Entered the Ecumenical Temple
  4265 | D:4      | Reached skill level 7 in Axes
  4470 | D:4      | Gained mutation: You regenerate health from kills. [demonic ancestry]
  4470 | D:4      | Reached XP level 7. HP: 4/52 MP: 7/7
  4590 | D:$      | Got out of the dungeon alive.

Vault maps used:
D:1:      matt_arrival_los_fun, corexii_hall_statues_t,
          roderic_chinese_pattern_swastika
D:2:      evilmike_ruin_ashenzari, old_standard_altar, cheibriados_altar_1,
          serial_bayou_pond_e, minmay_gold_behind_fungi, eino_tiny_chamber,
          supply_closet_lemuel
D:3:      lemuel_crystal_altar
D:4:      black_bear_nest_1, minmay_temple_entry_fiery, first_bread,
          uniq_menkaure
Temple:   eino_narrow_crystal_temple

Skill      XL: |  1  2  3  4  5  6 |
---------------+-------------------+-----
Axes           | 3 4 5 6 7 |  7.5
Fighting       | |  3.0
Armour         | |  1.7
Dodging        | |  1.7

Action                   |  1- 3 |  4- 6 |  7- 9 || total
-------------------------+-------+-------+-------++-------
Melee: Hand axe          |   112 |   207 |       ||   319
Invok: Berserk           |     8 |     9 |       ||    17
  Use: Scroll            |     1 |     2 |       ||     3
  Eat: Chunk             |    10 |    10 |       ||    20
       Meat ration       |       |     2 |       ||     2
Armor: Animal skin       |     4 |       |       ||     4
       Robe              |    11 |    21 |       ||    32
Dodge: Dodged            |    67 |   127 |       ||   194
